 Dungeon Crawl Stone Soup version 0.20-a0-201-g851c6fa (webtiles) character file.

1193 Gorice the Quickloader (level 8, -1/51 HPs)
             Began as a Kobold Arcane Marksman on Nov 23, 2016.
             Was a Believer of Okawaru.
             Shot with an arrow by a centaur (6 damage)
             ... on level 5 of the Dungeon on Nov 24, 2016.
             The game lasted 00:26:52 (6102 turns).

Gorice the Quickloader (Kobold Arcane Marksman)     Turns: 6102, Time: 00:26:53

Health: -1/51      AC: 11    Str: 10    XL:     8   Next: 71%
Magic:  9/9        EV: 13    Int: 14    God:    Okawaru [**....]
Gold:   211        SH:  3    Dex: 15    Spells: 8/9 levels left

rFire  . . .     SeeInvis .     a - +1 flail (protect)
rCold  . . .     Gourm    .     n - +0 ring mail
rNeg   . . .     Faith    .     (shield restricted)
rPois  .         Spirit   .     (no helmet)
rElec  .         Reflect  +     m - +2 cloak
rCorr  .         Harm     .     k - +1 pair of gloves
MR     .....                    h - +0 pair of boots
Stlth  +.........               l - +3 amulet of reflection
                                (no ring)
                                v - ring of flight

@: very slightly contaminated, hasted, very quick
A: carnivore 3
a: Heroism, Renounce Religion, Evoke Flight


You were on level 5 of the Dungeon.
You worshipped Okawaru.
Okawaru was pleased with you.
You were completely stuffed.

You visited 2 branches of the dungeon, and saw 6 of its levels.

You collected 211 gold pieces.

Inventory:

Hand Weapons
 a - a +1 flail of protection (weapon)
   (You took it off Edmund on level 5 of the Dungeon)
 b - a +0 hand crossbow
 q - a +0 dagger
 r - a +0 hunting sling
 y - a +0 short sword
 B - a +0 blowgun
 G - a cursed +0 flail
Missiles
 d - 22 bolts
 u - 29 poisoned needles
 x - 4 tomahawks
 Z - 254 stones (quivered)
Armour
 h - a +0 pair of boots (worn)
 k - a +1 pair of gloves (worn)
 m - a +2 cloak (worn)
 n - a +0 ring mail (worn)
 s - a +0 chain mail
 D - a +1 robe of magic resistance
   (You found it on level 3 of the Dungeon)
Jewellery
 l - a +3 amulet of reflection (around neck)
 v - a ring of flight (left hand)
 F - an uncursed amulet of guardian spirit {unknown}
Wands
 g - a wand of lightning (9/15)
 z - a wand of digging (17/24)
Scrolls
 o - a scroll of amnesia
 C - a scroll of magic mapping {!r}
 H - 2 scrolls of recharging
 J - a scroll of remove curse
Potions
 p - a potion of cure mutation {!q}
 w - a potion of lignification {unknown}
 A - a potion of heal wounds {!q}
 E - 3 potions of curing {unknown}
Books
 c - a book of Debilitation
 e - a book of Minor Magic
Comestibles
 f - 5 meat rations {!e}
 j - 2 beef jerkies
 t - a royal jelly
 I - 2 chunks of flesh


   Skills:
 + Level 6.3 Fighting
 * Level 9.8 Crossbows
 - Level 2.4 Dodging
 - Level 1.1 Spellcasting
 - Level 3.0 Hexes


You had 8 spell levels left.
You knew the following spells:

 Your Spells              Type           Power        Failure   Level  Hunger
a - Corona                Hex            #......      21%         1    ##.....


Dungeon Overview and Level Annotations

Branches:
Dungeon (5/15)             Temple (1/1) D:5

Altars:
Cheibriados
Dithmenos
Fedhas
Gozag
Hepliaklqana
Kikubaaqudgha
Nemelex Xobeh
Okawaru
Qazlal
Ru
Sif Muna
Trog
Uskayaw
Vehumet
Xom
Yredelemnul
Zin
The Shining One


Innate Abilities, Weirdness & Mutations

You are small and have problems with some larger weapons.
You are carnivorous and can eat meat at any time.


Message History

You reflect the arrow off an invisible shield around you!
The arrow barely misses the centaur.
The centaur shoots an arrow.
The arrow closely misses you.
You see here an arrow.
The centaur shoots an arrow.
The arrow barely misses you.
The centaur shoots an arrow.
The arrow hits you!
* * * LOW HITPOINT WARNING * * *
You see here an arrow.
Damage: 7 (max 15)
The centaur shouts!
The centaur shoots an arrow.
The arrow hits you.
* * * LOW HITPOINT WARNING * * *
x2 Damage: 2 (max 15)
The centaur shoots an arrow.
The arrow hits you.
* * * LOW HITPOINT WARNING * * *
x2 Damage: 3 (max 15)
The centaur unwields an uncursed shortbow of velocity.
The centaur hits you but does no damage.
You thump the centaur!
Your weapon exudes an aura of protection.
The centaur is moderately wounded.
The centaur hits you but does no damage.
The centaur hits you.
* * * LOW HITPOINT WARNING * * *
The ogre hits you with a giant club.
* * * LOW HITPOINT WARNING * * *
Damage: 5 (max 15)
Okay, then.
The centaur hits you but does no damage.
The centaur shoots an arrow.
The arrow misses you. The ogre barely misses you. The centaur hits you.
* * * LOW HITPOINT WARNING * * *
Damage: 4 (max 15) Unknown command.
The centaur shoots an arrow.
The arrow hits you.
* * * LOW HITPOINT WARNING * * *
The centaur wields an uncursed shortbow of velocity.
The centaur shoots an arrow.
The arrow hits you.
* * * LOW HITPOINT WARNING * * *
x2 The centaur shoots an arrow.
The arrow closely misses you.
You see here an arrow.
Okay, then.
Damage: 5 (max 15) Really quaff
i - a potion of haste {!q}?
You feel yourself speed up.
The centaur shoots an arrow.
The arrow barely misses you.
You are very lightly contaminated with residual magic.
Unknown command.
The centaur shoots an arrow.
The arrow hits you.
You die...

#................(O......#
#................(.......#
#........................#.....
#####.###......[.........#.....
#.# #........(.......#..... #.#
#....(...........#.....
#.###................#.....
######....................#....c
#......####....@..........#.....
######## #####.(.c.....###(....
#..O........(.###+
#..c..........#...
#.............#...
#..(......#####...
###############(##########...
#..............(#### #.......
#.######...##......# #.###...


You could see an ogre and 2 centaurs.

Vanquished Creatures
  Grinder (D:3)
  Edmund (D:5)
  An orc warrior (D:4)
  A phantom (D:3)
  An ogre (D:5)
  A scorpion (D:4)
  A howler monkey (D:5)
  A crimson imp (D:5)
  An orc priest (D:4)
  An orc wizard (D:4)
  A gnoll shaman (D:3)
  An iguana (D:5)
  Natasha (D:3)
  5 worker ants
  10 gnolls
  6 adders
  2 oozes (D:1)
  An adder zombie (D:2)
  2 adder skeletons
  A dart slug (D:4)
  A leopard gecko (D:4)
  4 orcs (D:4)
  A bat skeleton (D:2)
  A giant cockroach (D:1)
  7 hobgoblins
  7 jackals
  2 quokkas
  2 ball pythons (D:1)
  7 bats
  4 frilled lizards
  8 goblins
  9 kobolds
  2 quokka zombies (D:2)
  12 rats
107 creatures vanquished.

Vanquished Creatures (others)
  A kobold (D:3)
1 creature vanquished.

Grand Total: 108 creatures vanquished

Notes
Turn   | Place    | Note
-------+----------+-------------------------------------------
     0 | D:1      | Gorice the Kobold Arcane Marksman began the quest for the Orb.
     0 | D:1      | Reached XP level 1. HP: 12/12 MP: 2/2
   131 | D:1      | Reached skill level 3 in Crossbows
   131 | D:1      | Reached XP level 2. HP: 11/17 MP: 0/3
   603 | D:1      | Reached XP level 3. HP: 9/21 MP: 0/4
   777 | D:1      | Reached skill level 2 in Fighting
   927 | D:1      | Reached skill level 4 in Crossbows
  1097 | D:1      | Reached XP level 4. HP: 26/27 MP: 3/5
  2140 | D:3      | Reached XP level 5. HP: 32/32 MP: 4/6
  2268 | D:3      | Found an iron altar of Okawaru.
  2268 | D:3      | Found a blossoming altar of Fedhas.
  2272 | D:3      | Became a worshipper of Warmaster Okawaru
  2536 | D:3      | Reached skill level 3 in Fighting
  2810 | D:3      | Reached skill level 5 in Crossbows
  3381 | D:3      | Upgraded the game from 0.20-a0-187-ge5586d949a to 0.20-a0-201-g851c6fa
  3424 | D:3      | Noticed Natasha
  3430 | D:3      | Killed Natasha
  3483 | D:3      | Noticed Grinder
  3487 | D:3      | Paralysed by Grinder for 5 turns
  3505 | D:3      | Paralysed by Grinder for 6 turns
  3512 | D:3      | Killed Grinder
  3512 | D:3      | Reached * piety under Okawaru
  3512 | D:3      | Reached skill level 4 in Fighting
  3512 | D:3      | Reached skill level 6 in Crossbows
  3512 | D:3      | Reached XP level 6. HP: 20/38 MP: 4/7
  3512 | D:3      | Reached XP level 7. HP: 23/43 MP: 4/8
  3897 | D:3      | Reached skill level 7 in Crossbows
  4837 | D:4      | Reached skill level 5 in Fighting
  4839 | D:4      | HP: 13/44 [orc priest/divine providence (16)]
  4847 | D:4      | Reached skill level 8 in Crossbows
  5018 | D:4      | Reached ** piety under Okawaru
  5232 | D:4      | Reached XP level 8. HP: 38/49 MP: 7/9
  5481 | D:5      | Entered Level 5 of the Dungeon
  5481 | D:5      | Found a staircase to the Ecumenical Temple.
  5488 | D:5      | Found a glowing silver altar of Zin.
  5490 | Temple   | Entered the Ecumenical Temple
  5707 | D:5      | Reached skill level 9 in Crossbows
  5779 | D:5      | Noticed Edmund
  5804 | D:5      | Killed Edmund
  5804 | D:5      | Reached skill level 6 in Fighting
  6098 | D:5      | HP: 14/51 [ogre/giant club (5)]
  6100 | D:5      | HP: 6/51 [centaur/arrow (2)]
  6102 | D:5      | Shot with an arrow by a centaur

Vault maps used:
D:1:      doesnt_arrival_eight_statues, minmay_tall_x
D:2:      serial_undead, serial_undead_c, serial_undead_a, serial_undead_e,
          serial_undead_c, serial_undead_c, serial_undead_e
D:3:      gammafunk_temple_overflow_wave, kennysheep_generic_room_3,
          uniq_natasha, uniq_grinder
D:4:      first_bread, st_stairs_11
D:5:      basic_altar, uniq_edmund
Temple:   nicolae_temple_x_marks_the_god

Skill      XL: |  1  2  3  4  5  6  7  8 |
---------------+-------------------------+-----
Crossbows      | 3 4 6 8 9 |  9.8
Fighting       | 2 4 5 6 |  6.3
Dodging        | |  2.4
Spellcasting   | |  1.1
Hexes          | |  3.0

Action                   |  1- 3 |  4- 6 |  7- 9 || total
-------------------------+-------+-------+-------++-------
Melee: Mace              |    43 |   149 |    23 ||   215
       Flail             |       |       |    16 ||    16
 Fire: Hand crossbow     |    25 |    52 |   155 ||   232
 Cast: Corona            |    25 |    62 |    62 ||   149
Invok: Heroism           |       |       |     1 ||     1
  Use: Scroll            |       |     7 |     2 ||     9
       Potion            |       |       |     1 ||     1
 Stab: Sleeping          |       |     2 |       ||     2
  Eat: Chunk             |    10 |    10 |    11 ||    31
Armor: Robe              |     6 |    14 |       ||    20
       Ring mail         |       |    83 |    57 ||   140
Dodge: Dodged            |    56 |   209 |   102 ||   367
Block: Other             |       |     8 |    10 ||    18
       Reflection        |       |       |     3 ||     3

Table legend:
 A = Turns spent in this place as a percentage of turns spent in the entire game.
 B = Non-inter-level travel turns spent in this place as a percentage of non-inter-level travel turns spent in the entire game.
 C = Inter-level travel turns spent in this place as a percentage of turns spent in this place.
 D = Turns resting spent in this place as a percentage of non-inter-level travel turns spent in this place.
 E = Turns spent auto-exploring this place as a percentage of non-inter-level travel turns spent in this place.
 F = Non-inter-level travel turns spent in this place divided by the number of levels of this place that you've seen.
                   A       B       C       D       E      F
               +-------+-------+-------+-------+-------+----------------------
         Total | 100.0 | 100.0 |   0.5 |   2.9 |   5.6 | 325.0
       Dungeon |  97.3 |  97.3 |   0.5 |   3.0 |   5.8 | 379.4
        Temple |   2.7 |   2.7 |   0.0 |   0.0 |   0.0 |  53.0
               +-------+-------+-------+-------+-------+----------------------

Vault maps used:
D:1:      doesnt_arrival_eight_statues, minmay_tall_x
D:2:      serial_undead, serial_undead_c, serial_undead_a, serial_undead_e,
          serial_undead_c, serial_undead_c, serial_undead_e
D:3:      gammafunk_temple_overflow_wave, kennysheep_generic_room_3,
          uniq_natasha, uniq_grinder
D:4:      first_bread, st_stairs_11
D:5:      basic_altar, uniq_edmund
Temple:   nicolae_temple_x_marks_the_god
